 Dungeon Crawl Stone Soup version 0.30-a0-168-g0b976cbdc4 (webtiles) character file.

Game seed: 1290575663949713197

79 Sobieck the Trooper (level 4, -1/39 HPs)
             Began as a Palentonga Fighter on Sept 29, 2022.
             Succumbed to an adder's poison
             ... on level 3 of the Dungeon.
             The game lasted 00:01:58 (1155 turns).

Sobieck the Trooper (Palentonga Fighter)            Turns: 1155, Time: 00:01:58

Health: -1/39      AC:  6    Str: 23    XL:     4   Next: 16%
Magic:  4/4        EV:  7    Int:  9    God:
Gold:   115        SH:  4    Dex:  9    Spells: 3/3 levels left

rFire   . . .      SeeInvis +    a - +0 war axe {axe}
rCold   . . .      Faith    .    c - +0 buckler
rNeg    + . .      Spirit   .    b - +0 scale mail
rPois   +          Reflect  .    (no helmet)
rElec   .          Harm     .    (no cloak)
rCorr   .          Rampage  .    (no gloves)
Will    .....                    (no barding)
Stlth   ..........               (no amulet)
HPRegen 0.13/turn                z - ring of poison resistance
MPRegen 0.09/turn                e - ring of positive energy

@: mighty, lethally poisoned (-1 -> -13)
A: large, rugged brown scales 3, see invisible, deformed body, roll 1, armoured
tail
a: Rolling Charge


You were on level 3 of the Dungeon.
You visited 1 branch of the dungeon, and saw 3 of its levels.

You collected 115 gold pieces.


Innate Abilities, Weirdness & Mutations

You are completely covered in rugged brown scales. (AC +3, +7% HP)
You have supernaturally acute eyesight. (SInv)
Armour fits poorly on your strangely shaped body.
You can roll at nearby foes to attack.
You have a long armoured tail.


   Skills:
 + Level 4.1 Fighting
 + Level 3.4 Axes
 - Level 2.4 Armour
 - Level 2.6 Shields


You had 3 spell levels left.
You didn't know any spells.
Your spell library contained the following spells:

 Spells                   Type           Power      Damage    Failure   Level
 Freeze                   Ice            0%         1d3       78%         1
 Ensorcelled Hibernation  Hex/Ice        0%         N/A       89%         2
 Passwall                 Tmut/Erth      0%         N/A       89%         2
 Frozen Ramparts          Ice            0%         1d1       98%         3
 Hailstorm                Conj/Ice       0%         3d3       98%         3
 Swiftness                Air            0%         N/A       98%         3

Inventory:

Hand Weapons
 a - a +0 war axe (weapon) {axe}
 f - a +3 sling of flaming
   (You took it off a hobgoblin on level 1 of the Dungeon)
 h - a +0 dagger of protection {short}
   (You took it off a goblin on level 1 of the Dungeon)
Missiles
 p - 4 stones {throwing}
 u - 5 atropa-tipped darts {throwing}
 v - 5 poisoned darts {throwing}
Armour
 b - a +0 scale mail (worn)
 c - a +0 buckler (worn)
 j - a +0 ring mail
   (You found it on level 1 of the Dungeon)
 m - a +0 leather armour
   (You found it on level 1 of the Dungeon)
 w - a +0 leather armour
   (You took it off an orc on level 3 of the Dungeon)
 x - a +0 leather armour
   (You found it on level 3 of the Dungeon)
 y - a +0 leather armour
   (You found it on level 3 of the Dungeon)
Jewellery
 e - a ring of positive energy (right hand)
   (You found it on level 1 of the Dungeon)
 z - a ring of poison resistance (left hand)
   (You found it on level 3 of the Dungeon)
Scrolls
 g - 3 scrolls of enchant weapon {unknown}
 k - 3 scrolls of poison {unknown}
 l - a scroll of fog {unknown}
 s - 2 scrolls of identify {unknown}
Potions
 i - 3 potions of curing {unknown}
 n - a potion of mutation {unknown}
 o - 2 potions of brilliance {unknown}
 q - a potion of resistance {unknown}
 r - a potion of heal wounds {unknown}
 t - a potion of attraction {unknown}

Dungeon Overview and Level Annotations

Branches:
Dungeon (3/15) Zot: 16806

Altars:

#. #. # #. .#
.####.####.######
................
...........##..
#..)S......#
#..o@8.8...#
#...8.8^8..#
#....8_8...#
#...8.8.8..#####
#.#..8.8/.......
#.#.......###.##
#.###.######
##.###.# #..
######...##.####.#


You could see an adder and an orc.


Message History

You hear a splash.
You barely miss the bat. You block the bat's attack.
The bat hits you but does no damage. The bat hits you but does no damage.
Things that are here:
a +0 club {mace}; 9 gold pieces You miss the bat.
The bat barely misses you.
You barely miss the bat.
Your tail-slap misses the bat.
The bat hits you.
You slash the bat!
You kill the bat!
No target in view!
You enter the shallow water.
Moving in this stuff is going to be slow.
A rat comes into view.
You see here a +0 morningstar {mace}.
Danger!
Unknown command.
A rat is nearby!
A rat is nearby!
You roll forward with a clatter of scales!
You barely miss the rat.
The rat bites you but does no damage. x2
You slash the rat!
You kill the rat!
No target in view!
v - 5 poisoned darts {throwing} You enter the shallow water.
Moving in this stuff is going to be slow.
You now have 77 gold pieces (gained 15).
You now have 91 gold pieces (gained 14).
p - 4 stones {throwing} (gained 1)
You enter the shallow water.
Moving in this stuff is going to be slow.
You now have 100 gold pieces (gained 9).
You see here a +0 club {mace}.
w - a +0 leather armour You see here a +0 club {mace}.
You now have 104 gold pieces (gained 4).
You now have 115 gold pieces (gained 11).
You open the door.
There is an open door here.
x - a +0 leather armour You enter the shallow water.
Moving in this stuff is going to be slow.
y - a +0 leather armour
z - a ring of poison resistance
z - a ring of poison resistance (left hand)
e - a ring of positive energy (right hand) Unknown command.
You enter the shallow water.
Moving in this stuff is going to be slow.
Found a faded altar of an unknown god.
Unknown command.
An orc comes into view. It is wielding a +0 flail.
You see here a wand of paralysis (4).
Danger!
An orc comes into view. It is wielding a +0 mace.
The orc shouts!
You hear a shout!
An orc comes into view. It is wielding a +0 morningstar.
You roll forward with a clatter of scales!
An orc comes into view. It is wielding a +0 club.
You barely miss the orc.
The orc shouts! x2
The orc barely misses you. The orc hits you with a +0 flail.
You slash the orc!
You kill the orc!
You closely miss the orc. The orc hits you but does no damage.
You hit the orc. x2; The orc barely misses you.
The orc closely misses you.
An adder comes into view.
The orc hits you with a +0 mace. The orc hits you with a +0 morningstar.
You are too injured to fight recklessly!
You are too injured to fight recklessly!
You are too injured to fight recklessly!
Unknown command.
You barely miss the orc. x2
The adder hisses angrily.
The orc hits you with a +0 morningstar. The orc completely misses you.
Unknown command.
You closely miss the orc. You barely miss the orc. You slash the orc!
You kill the orc!
The orc hits you with a +0 morningstar!
* * * LOW HITPOINT WARNING * * *
The orc barely misses you.
Unknown command.
You hit the orc. x2; The orc hits you with a +0 morningstar!
* * * LOW HITPOINT WARNING * * *
The orc hits you with a +0 club.
* * * LOW HITPOINT WARNING * * *
The orc hits you but does no damage. x2
Unknown command.
You slash the orc!
You kill the orc!
You hit the orc. You hit the adder. The adder bites you.
* * * LOW HITPOINT WARNING * * *
You are lethally poisoned!
The adder poisons you! The orc barely misses you. The adder bites you.
* * * LOW HITPOINT WARNING * * *
You are more poisoned.
The adder poisons you!
You feel very mighty all of a sudden.
You die...

Skill      XL: |  1  2  3 |
---------------+----------+-----
Axes           | 3 |  3.4
Fighting       | 4 |  4.1
Armour         | |  2.4
Shields        | |  2.6

Action                   |  1- 3 |  4- 6 || total
-------------------------+-------+-------++-------
Melee: War axe           |    79 |    15 ||    94
       Tailslap          |    11 |       ||    11
 Abil: Rolling Charge    |    21 |     3 ||    24
  Use: Potion            |       |     1 ||     1
Armor: Scale mail        |    47 |     8 ||    55
Dodge: Dodged            |    30 |     8 ||    38
Block: Buckler           |    11 |     2 ||    13

Levels and vault maps discovered:
D:1:      amcnicky_arrival_choice, layout_rooms, minmay_octomino_j4
D:2:      layout_rooms
D:3:      layout_loops_ring, serial_rivers, chequers_serial_rivers_room_b,
          chequers_serial_rivers_room_a, chequers_serial_rivers_small_b,
          chequers_serial_rivers_room_a, chequers_serial_rivers_marsh,
          chequers_serial_rivers_room_a, chequers_ecumenical_altar_simple_redux,
          uniq_robin

Notes
Turn   | Place    | Note
-------+----------+-------------------------------------------
     0 | D:1      | Sobieck the Palentonga Fighter began the quest for the Orb.
     0 | D:1      | Reached XP level 1. HP: 19/19 MP: 1/1
   116 | D:1      | You pick up a book of Burglary and begin reading...
   116 | D:1      | You add the spells Passwall, Ensorcelled Hibernation and
                  | Swiftness to your library.
   140 | D:1      | Reached XP level 2. HP: 20/25 MP: 2/2
   316 | D:1      | You pick up a book of Frost and begin reading...
   316 | D:1      | You add the spells Freeze, Frozen Ramparts and Hailstorm to
                  | your library.
   551 | D:2      | Reached XP level 3. HP: 32/32 MP: 3/3
   608 | D:2      | Reached skill level 3 in Axes
   823 | D:2      | Reached skill level 4 in Fighting
  1049 | D:3      | Reached XP level 4. HP: 39/39 MP: 4/4
  1140 | D:3      | Found a faded altar of an unknown god.
  1153 | D:3      | HP: 5/39 [orc/+0 morningstar (9)]
  1154 | D:3      | HP: 2/39 [adder (1)]
  1155 | D:3      | Succumbed to an adder's poison

Vanquished Creatures
  2 adders (D:2)
  2 worms (D:2)
  2 dart slugs (D:2)
  6 orcs (D:3)
  An endoplasm (D:1)
  A giant cockroach (D:1)
  4 goblins
  5 hobgoblins
  4 jackals (D:2)
  2 kobolds (D:1)
  4 ball pythons
  5 bats
  6 rats
44 creatures vanquished.

Table legend:
 A = Non-vault XP
 B = Vault XP
 C = Vault XP percentage of total XP
 D = Non-vault monster count
 E = Vault monster count
 F = Vault count percentage of total count
                 A         B        C        D         E       F
            +---------+---------+-------+---------+---------+-------
      Total |     107 |       6 |   5.3 |      40 |       4 |   9.1
            +---------+---------+-------+---------+---------+-------
        D:1 |      21 |       6 |  22.2 |      14 |       4 |  22.2
        D:2 |      64 |       0 |   0.0 |      17 |       0 |   0.0
        D:3 |      22 |       0 |   0.0 |       9 |       0 |   0.0
            +---------+---------+-------+---------+---------+-------

Illustrated notes

Table legend:
 A = Kills in this place as a percentage of kills in entire the game.
 B = Kills by you in this place as a percentage of kills by you in the entire game.
 C = Kills by friends in this place as a percentage of kills by friends in the entire game.
 D = Other kills in this place as a percentage of other kills in the entire game.
 E = Experience gained in this place as a percentage of experience gained in the entire game.
 F = Experience gained in this place divided by the number of levels of this place that you have seen.
                   A       B       C       D       E      F
               +-------+-------+-------+-------+-------+----------------------
         Total | 100.0 | 100.0 |   N/A |   N/A | 100.0 |  37.7
       Dungeon | 100.0 | 100.0 |   N/A |   N/A | 100.0 |  37.7
               +-------+-------+-------+-------+-------+----------------------

Table legend: (Time is in decaauts)
 A = Elapsed time spent in this place.
 B = Non-inter-level travel time spent in this place.
 C = Inter-level travel time spent in this place.
 D = Time resting spent in this place.
 E = Time spent auto-exploring this place.
 F = Levels seen in this place.
 G = Mean time per level.
                   A        B        C        D        E       F      G
               +--------+--------+--------+--------+--------+-----+--------+
         Total |   1193 |   1152 |     41 |    156 |    776 |   3 |  397.7 |
       Dungeon |   1193 |   1152 |     41 |    156 |    776 |   3 |  397.7 |
               +--------+--------+--------+--------+--------+-----+--------+

Top non-repeatable levels by time:
     D:2: 564 daAuts
     D:1: 486 daAuts
     D:3: 142 daAuts
